 Dungeon Crawl Stone Soup version 0.25-a0-1024-gbfbf38f2cb (webtiles) character file.

Game seed: 423803980115576047, levelgen mode: deterministic

85 Flugslaktarn the Skirmisher (level 4, -9/35 HPs)
             Began as a Mummy Fighter on May 12, 2020.
             Killed by divine providence
             ... invoked by an orc priest
              (11 damage)
             ... on level 3 of the Dungeon.
             The game lasted 00:01:06 (2252 turns).

Flugslaktarn the Skirmisher (Mummy Fighter)         Turns: 2252, Time: 00:01:07

Health: -9/35      AC:  7    Str: 19    XL:     4   Next: 25%
Magic:  4/4        EV:  7    Int:  7    God:
Gold:   137        SH:  9    Dex: 12    Spells: 3/3 levels left

rFire    x . .     SeeInvis .   a - +0 war axe
rCold    + . .     Gourm    .   c - +0 kite shield
rNeg     + + +     Faith    .   b - +0 scale mail
rPois    ∞         Spirit   .   (no helmet)
rElec    .         Reflect  .   (no cloak)
rCorr    .         Harm     .   j - +0 pair of gloves
MR       .....                  (no boots)
Stlth    ..........             (no amulet)
HPRegen  0.11/turn              (no ring)
MPRegen  0.09/turn              (no ring)

@: no status effects
A: no food or potions, fire vulnerability, cold resistance 1, negative energy
resistance 3, torment resistance, unbreathing
a: no special abilities


You were on level 3 of the Dungeon.
You were not hungry.

You visited 1 branch of the dungeon, and saw 3 of its levels.

You collected 137 gold pieces.

Inventory:

Hand Weapons
 a - a +0 war axe (weapon)
Armour
 b - a +0 scale mail (worn)
 c - a +0 kite shield (worn)
 j - a +0 pair of gloves (worn)
   (You found it on level 3 of the Dungeon)
Scrolls
 d - 2 scrolls of fog
 r - a scroll of identify
 x - a scroll of remove curse


   Skills:
 + Level 3.4 Fighting
 * Level 2.6 Axes
 + Level 2.8 Armour
 + Level 2.9 Shields


You had 3 spell levels left.
You didn't know any spells.
Your spell library was empty.

Dungeon Overview and Level Annotations

Branches:
Dungeon (3/15)

Altars:
Ru


Innate Abilities, Weirdness & Mutations

You do not eat or drink.
Your flesh is vulnerable to fire.
You are immune to poison.
Your flesh is cold resistant. (rC+)
You are immune to negative energy. (rN+++)
You are immune to unholy pain and torment.
You can survive without breathing.


Message History

The orc priest barely misses you. Something hits you but does no damage.
As you read the scroll labeled CASTRA JOEGU, it crumbles to dust.
It is a scroll of amnesia.
You feel forgetful for a moment.
The orc priest looks satisfied for a moment.
Something hits you.
* * * LOW HITPOINT WARNING * * *
As you read the scroll labeled UHIANI SEERR, it crumbles to dust.
Your +0 war axe glows pale azure for a moment.
It was a scroll of random uselessness.
The orc priest closely misses you.
You hear some strange, mumbled words.
A magic dart appears from out of thin air!
The magic dart hits you.
* * * LOW HITPOINT WARNING * * *
Unknown command.
As you read the scroll labeled JOZXAIKEXA, it crumbles to dust.
You feel aware of your surroundings.
It was a scroll of magic mapping.
The orc priest invokes the aid of Beogh against you.
Beogh smites you!
You die...

..######################.###.####
...............>........## ##..##
.#######################.###.....
..# ##########.#.###.# #)##
#............# #.. #..##
#.########...###.# .#..# ##.##
#........ ..#.# *#.{.#* ##.##.##.
#...# *#.#@#)#* #....##. .#.##
**#.##o##.#* #.##.##. ..#.#
*.o.,..#*#.# #.....)† #...#
#(#,####*,## ###..##. .#..#
#.**,***,** #.%##. ..###*
#,***,*,** #..##. #_#*,* *,*
**,** #..### ###*,* *,* *** #..#
# *,* *,* #..# #


You could see an orc priest.

Vanquished Creatures
  An adder (D:2)
  An ooze (D:2)
  A worm (D:2)
  A leopard gecko (D:1)
  4 orcs (D:3)
  A ball python (D:2)
  2 giant cockroaches
  11 goblins
  5 hobgoblins
  3 jackals (D:3)
  4 kobolds
  3 quokkas
  8 bats
  3 frilled lizards
  9 rats
57 creatures vanquished.

Notes
Turn   | Place    | Note
-------+----------+-------------------------------------------
     0 | D:1      | Flugslaktarn the Mummy Fighter began the quest for the Orb.
     0 | D:1      | Reached XP level 1. HP: 18/18 MP: 1/1
   318 | D:1      | Reached XP level 2. HP: 21/24 MP: 2/2
   980 | D:2      | Reached XP level 3. HP: 24/29 MP: 3/3
  1954 | D:3      | Reached XP level 4. HP: 31/35 MP: 4/4
  2162 | D:3      | Found a sacrificial altar of Ru.
  2252 | D:3      | Killed from afar by an orc priest

Illustrated notes

Levels and vault maps discovered:
D:1:      saegor_arrival_under_anarchy, layout_basic, serial_curves,
          eino_curves_04, eino_curves_01, patterned_corridor
D:2:      layout_loops_ring
D:3:      layout_loops_ring, marbit_many_paths

Skill      XL: |  1  2 |
---------------+-------+-----
Axes           | 2 |  2.6
Fighting       | |  3.4
Armour         | |  2.8
Shields        | |  2.9

Action                   |  1- 3 |  4- 6 || total
-------------------------+-------+-------++-------
Melee: War axe           |   163 |    37 ||   200
  Use: Scroll            |       |     5 ||     5
Armor: Scale mail        |    92 |    24 ||   116
Dodge: Dodged            |    64 |    18 ||    82
Block: Kite shield       |   104 |    31 ||   135

Table legend:
 A = Non-vault XP
 B = Vault XP
 C = Vault XP percentage of total XP
 D = Non-vault monster count
 E = Vault monster count
 F = Vault count percentage of total count
                 A         B        C        D         E       F
            +---------+---------+-------+---------+---------+-------
      Total |     121 |       1 |   0.8 |      56 |       1 |   1.8
            +---------+---------+-------+---------+---------+-------
        D:1 |      22 |       0 |   0.0 |      13 |       0 |   0.0
        D:2 |      67 |       0 |   0.0 |      29 |       0 |   0.0
        D:3 |      32 |       1 |   3.0 |      14 |       1 |   6.7
            +---------+---------+-------+---------+---------+-------
